 Dungeon Crawl Stone Soup version 0.27.1-33-g824d729ab1 (webtiles) character file.

Game seed: 5869294858080892008

175 pkoi the Skirmisher (level 5, -5/47 HPs)
             Began as a Minotaur Fighter on Nov 29, 2021.
             Slain by Sigmund (6 damage)
             ... on level 4 of the Dungeon.
             The game lasted 00:02:53 (3401 turns).

pkoi the Skirmisher (Minotaur Fighter)              Turns: 3401, Time: 00:02:54

Health: -5/47      AC:  7    Str: 21    XL:     5   Next: 29%
Magic:  4/4        EV:  7    Int:  5    God:
Gold:   191        SH:  0    Dex: 10    Spells: 4/4 levels left

rFire    + . .     SeeInvis .   a - +0 long sword
rCold    + . .     Faith    .   c - +0 kite shield
rNeg     . . .     Spirit   .   b - +0 scale mail
rPois    +         Reflect  .   (helmet restricted)
rElec    +         Harm     .   (no cloak)
rCorr    +         Rampage  .   (no gloves)
Will     .....                  (no boots)
Stlth    ..........             (no amulet)
HPRegen  0.15/turn              h - ring of resist corrosion
MPRegen  0.09/turn              (no ring)

@: confused, mighty, brilliant, resistant
A: horns 2, retaliatory headbutt
a: no special abilities


You were on level 4 of the Dungeon.
You visited 1 branch of the dungeon, and saw 4 of its levels.

You collected 191 gold pieces.

Inventory:

Hand Weapons
 a - a +0 long sword (weapon)
Missiles
 i - 2 throwing nets (quivered)
Armour
 b - a +0 scale mail (worn)
 c - a +0 kite shield (worn)
 n - a +0 plate armour
Jewellery
 h - a ring of resist corrosion (left hand)
Wands
 m - a wand of flame (10)
Scrolls
 f - a scroll of identify
 k - a scroll of brand weapon {unknown}
 o - a scroll of fear
Potions
 e - 3 potions of curing
 g - a potion of flight


   Skills:
 + Level 4.5 Fighting
 * Level 4.5 Long Blades
 + Level 4.5 Armour
 + Level 4.4 Shields
 + Level 0.7 Evocations


You had 4 spell levels left.
You didn't know any spells.
Your spell library contained the following spells:

 Spells                   Type           Power      Damage    Failure   Level
 Beastly Appendage        Tmut           0%         N/A       99%         1
 Shock                    Conj/Air       0%         1d3       99%         1
 Sting                    Tmut/Pois      0%         1d3       99%         1
 Poisonous Vapours        Pois/Air       0%         N/A       100%        2
 Slow                     Hex            0%         N/A       100%        2
 Wereblood                Tmut           0%         N/A       100%        2
 Confusing Touch          Hex            0%         N/A       100%        3
 Spider Form              Tmut/Pois      0%         N/A       100%        3
 Swiftness                Air            0%         N/A       100%        3
 Vampiric Draining        Necr           0%         2d6       100%        3
 Airstrike                Air            0%         N/A       100%        4
 Olgreb's Toxic Radiance  Pois           0%         N/A       100%        4


Dungeon Overview and Level Annotations

Branches:
Dungeon (4/15)
 Temple: D:4-7

Altars:
Makhleb
Vehumet
Xom

Annotations:
D:4 Sigmund


Innate Abilities, Weirdness & Mutations

You have a pair of horns on your head.
You reflexively headbutt those who attack you in melee.


Message History

You miss something. Your headbutt misses something.
Something hits you but does no damage.
You barely miss something. Something hits you!
* * * LOW HITPOINT WARNING * * *
It was a potion of curing.
You feel better. Something hits you.
* * * LOW HITPOINT WARNING * * *
It was a potion of brilliance.
You feel clever all of a sudden.
It was a potion of resistance.
You feel protected. Something hits you.
* * * LOW HITPOINT WARNING * * *
You feel very mighty all of a sudden.
You hear some strange, mumbled words.
Something tries to affect you, but you resist.
You slash something! Something hits you.
* * * LOW HITPOINT WARNING * * *
You miss something. Something hits you but does no damage.
You miss something. You block something's attack.
You miss something. Something hits you but does no damage.
You closely miss something. Something hits you.
* * * LOW HITPOINT WARNING * * *
You barely miss something. You block something's attack.
You hit something.
You hear some strange, mumbled words.
You are confused.
Something hits you but does no damage.
You bump into the rock wall.
Something hits you.
* * * LOW HITPOINT WARNING * * *
You bump into the rock wall.
You hear some strange, mumbled words.
You are more confused.
You barely miss something. Something completely misses you. Something hits you.
* * * LOW HITPOINT WARNING * * *
You bump into the rock wall.
Unknown command.
You're too confused to move!
Something hits you.
You die...

##.#.###.# ........#
##.#.#...### ...........
........## .........
#g#....# # ###'#....#
##.#.##@.......####
..................#
..................
..............####
####.###.##......##. ##
..>............... ...
.........#...##.##.#...
##.#......#...##.##.....
#.#.##...)...).........


There were no monsters in sight!

Vanquished Creatures
  A hound (D:4)
  3 gnolls
  4 adders
  2 worms (D:2)
  3 dart slugs
  An orc (D:3)
  9 ball pythons
  2 bats (D:1)
  6 endoplasms
  3 giant cockroaches
  4 goblins
  7 hobgoblins
  3 jackals (D:1)
  4 kobolds
  A quokka (D:3)
  2 frilled lizards
  7 rats
62 creatures vanquished.

Notes
Turn   | Place    | Note
-------+----------+-------------------------------------------
     0 | D:1      | pkoi the Minotaur Fighter began the quest for the Orb.
     0 | D:1      | Reached XP level 1. HP: 19/19 MP: 0/0
   308 | D:1      | Reached XP level 2. HP: 27/27 MP: 1/1
  1052 | D:2      | Reached XP level 3. HP: 32/33 MP: 2/2
  1054 | D:2      | Found a faded altar of an unknown god.
  1108 | D:2      | Found a shimmering altar of Xom.
  1728 | D:2      | Reached XP level 4. HP: 34/40 MP: 3/3
  2803 | D:3      | Reached XP level 5. HP: 43/47 MP: 4/4
  2906 | D:3      | Found a radiant altar of Vehumet.
  3021 | D:3      | Found a burning altar of Makhleb.
  3365 | D:4      | Noticed Sigmund
  3381 | D:4      | HP: 2/47 [something (10)]
  3399 | D:4      | HP: 1/47 [something (5)]
  3401 | D:4      | Slain by Sigmund

Illustrated notes

Levels and vault maps discovered:
D:1:      amcnicky_arrival_flooded_fountain, layout_loops_corners,
          serial_forest, infiniplex_forest_lined_room_, infiniplex_forest_end_1,
          infiniplex_forest_lined_ring, infiniplex_forest_lined_3,
          infiniplex_forest_clump_small, infiniplex_forest_clump_medium,
          infiniplex_forest_straight_5, infiniplex_forest_clump_double,
          infiniplex_forest_straight_2
D:2:      layout_basic, basic_altar, hellmonk_ecumenical_altar_blasted
D:3:      layout_loops_ring, amcnicky_altar_gilded, mainiacjoe_overflow_alcove_1
D:4:      layout_basic, uniq_sigmund

Skill      XL: |  1  2  3  4 |
---------------+-------------+-----
Long Blades    | 3 4 |  4.5
Armour         | 4 |  4.5
Fighting       | 4 |  4.5
Shields        | 4 |  4.4
Evocations     | |  0.7

Action                   |  1- 3 |  4- 6 || total
-------------------------+-------+-------++-------
Melee: Long sword        |    80 |    80 ||   160
       Headbutt          |     8 |     9 ||    17
  Use: Scroll            |     5 |       ||     5
       Potion            |       |     4 ||     4
Armor: Scale mail        |    25 |    26 ||    51
Dodge: Dodged            |    36 |    15 ||    51
Block: Kite shield       |    40 |    31 ||    71
       Rpst.: Long sword |     9 |     3 ||    12
